Map: Lightshade LE

Players

Nina

  • Race: Protoss Protoss

Scarlett - Winner!

  • Race: Zerg Zerg

Event: DreamHack SC2 Masters 2021 Winter

VOD

Have the link to the VOD?

Description

Time

  • Played on: Oct. 13, 2021, 3:49 p.m.
  • Length: 9:44

All games in this series

Show
View Real Time Build Order
Export as new Build Order

Nina Protoss 

Build Orders: 1 Gate Expand, Oracle Opening 

Get SALT Encoding   

  12  0:00  Probe  
  13  0:12  Probe  
  14  0:19  Pylon  
  14  0:26  Probe  
  15  0:37  Gateway  
  15  0:38  Probe (Chrono Boost)  
  16  0:48  Assimilator, Probe (Chrono Boost)  
  17  0:53  Probe (Chrono Boost)  
  18  1:05  Probe  
  19  1:17  Probe  
  20  1:24  Nexus  
  20  1:33  Cybernetics Core  
  20  1:36  Probe  
  21  1:41  Assimilator  
  21  1:48  Probe  
  21  1:51  Pylon  
  22  2:00  Probe  
  23  2:10  Stargate  
  23  2:15  Adept, Probe (Chrono Boost)  
  26  2:25  Warp Gate  
  26  2:26  Probe (Chrono Boost)  
  27  2:31  Probe (Chrono Boost)  
  27  2:35  Probe (Chrono Boost)  
  29  2:42  Probe (Chrono Boost)  
  31  2:45  Probe (Chrono Boost)  
  31  2:48  Gateway  
  31  2:49  Probe (Chrono Boost)  
  34  2:52  Void Ray (Chrono Boost), Probe  
  37  3:00  Probe  
  37  3:04  Probe  
  39  3:08  Adept  
  39  3:11  Pylon  
  41  3:13  Probe  
  41  3:16  Probe  
  43  3:25  Probe  
  44  3:27  Oracle (Chrono Boost)  
  44  3:28  Probe  
  48  3:36  Pylon  
  48  3:37  Probe  
  48  3:40  Probe  
  50  3:49  Probe  
  50  3:52  Probe  
  50  3:55  Void Ray (Chrono Boost), Assimilator  
  52  3:57  Assimilator  
  52  4:02  Probe  
  57  4:04  Probe  
  57  4:07  Pylon  
  58  4:13  Nexus  
  58  4:14  Probe  
  59  4:17  Probe  
  59  4:20  Pylon  
  60  4:26  Probe  
  60  4:29  Protoss Air Weapons Level 1  
  60  4:30  Stargate  
  61  4:32  Probe  
  61  4:37  Void Ray (Chrono Boost)  
  61  4:38  Probe  
  63  4:44  Probe  
  64  4:49  Forge  
  64  4:50  Probe  
  64  4:52  Shield Battery  
  69  4:56  Pylon  
  69  5:01  Gateway  
  69  5:02  Probe x2  
  71  5:07  Void Ray (Chrono Boost)  
  71  5:11  Void Ray (Chrono Boost)  
  71  5:14  Probe x2  
  81  5:24  Probe  
  81  5:26  Probe x2  
  81  5:27  Robotics Facility  
  84  5:38  Probe  
  84  5:40  Photon Cannon, Shield Battery  
  85  5:42  Photon Cannon  
  85  5:43  Shield Battery  
  85  5:48  Shield Battery  
  85  5:50  Void Ray (Chrono Boost), Pylon  
  85  5:54  Photon Cannon  
  89  5:58  Zealot  
  89  6:02  Void Ray (Chrono Boost), Shield Battery  
  91  6:05  Shield Battery  
  91  6:07  Zealot  
  97  6:13  Probe  
  98  6:19  Shield Battery  
  98  6:20  Zealot x2, Pylon  
  98  6:25  Void Ray (Chrono Boost)  
  100  6:26  Pylon  
  100  6:34  Void Ray  
  100  6:35  Pylon  
  97  6:44  Zealot  
  97  7:01  Void Ray  
  94  7:28  Photon Cannon  
  93  7:33  Nexus  
  93  7:36  Photon Cannon  
  93  7:42  Void Ray  
  93  7:55  Probe  
  93  7:57  Cybernetics Core  
  94  8:02  Pylon  
  94  8:07  Assimilator  
  94  8:12  Assimilator  
  94  8:13  Photon Cannon  
  94  8:14  Void Ray (Chrono Boost)  
  94  8:20  Probe  
  94  8:25  Probe  
  94  8:26  Gateway x2  
  100  8:32  Probe  
  101  8:35  Robotics Facility  
  101  8:36  Robotics Facility  
  101  8:38  Void Ray (Chrono Boost)  
  101  8:43  Probe  
  102  8:53  Probe  
  102  8:55  Probe, Shield Battery  
  100  9:01  Void Ray (Chrono Boost)  
  104  9:05  Probe  
  104  9:07  Probe  
  106  9:16  Zealot  
  108  9:17  Probe  
  113  9:25  Zealot x2  
  115  9:36  Robotics Bay  
Show
View Real Time Build Order
Export as new Build Order

Scarlett Zerg - Winner!

Build Orders: Hatch First 

Get SALT Encoding   

  12  0:00  Drone  
  13  0:12  Overlord  
  13  0:17  Drone  
  14  0:30  Drone x2  
  16  0:47  Hatchery  
  15  0:51  Drone  
  15  0:54  Drone  
  17  0:58  Drone  
  18  1:08  Extractor  
  17  1:12  Spawning Pool  
  17  1:16  Drone  
  17  1:20  Drone  
  18  1:29  Drone  
  19  1:39  Drone  
  20  1:49  Drone  
  21  1:59  Zergling x2, Queen x2  
  21  2:00  Overlord  
  26  2:11  Drone x2  
  26  2:12  Metabolic Boost  
  28  2:21  Drone x2  
  30  2:31  Hatchery  
  30  2:34  Drone  
  30  2:40  Queen  
  30  2:44  Overlord  
  32  2:48  Drone x2  
  34  2:55  Drone  
  34  2:56  Drone  
  36  3:02  Queen  
  36  3:03  Overlord  
  38  3:07  Drone  
  38  3:10  Drone x2  
  38  3:12  Drone  
  42  3:19  Queen  
  44  3:29  Zergling x4  
  44  3:30  Drone x2  
  48  3:35  Overlord  
  48  3:37  Spore Crawler  
  47  3:44  Overlord  
  47  3:47  Drone x3  
  50  3:53  Drone x5, Queen  
  57  4:00  Overlord  
  57  4:06  Queen  
  57  4:07  Drone x3  
  62  4:13  Overlord  
  62  4:14  Drone x3  
  65  4:18  Drone  
  66  4:25  Drone x6  
  66  4:29  Roach Warren  
  71  4:32  Extractor  
  71  4:33  Extractor  
  65  4:46  Drone x7  
  65  4:51  Queen x2, Extractor  
  77  4:56  Overlord x2  
  77  5:00  Lair  
  77  5:03  Spore Crawler  
  77  5:04  Spore Crawler  
  77  5:05  Overlord  
  73  5:09  Roach x2  
  73  5:11  Roach x2  
  81  5:16  Roach x3  
  87  5:23  Roach x2  
  87  5:24  Roach x2  
  95  5:37  Zergling x12, Roach x2  
  95  5:41  Overlord  
  105  5:46  Overlord  
  105  5:52  Zergling x2  
  105  5:56  Overlord  
  105  5:57  Overlord  
  104  6:00  Ravager x4  
  104  6:01  Zergling x10  
  104  6:04  Overlord  
  113  6:10  Ravager x2  
  115  6:13  Ravager, Queen x2  
  115  6:14  Queen  
  115  6:17  Zergling x8  
  125  6:27  Zergling x14  
  128  6:35  Zergling x6  
  130  6:45  Hydralisk Den  
  121  6:49  Queen x2  
  109  7:02  Queen  
  109  7:03  Drone x8  
  110  7:15  Drone x8  
  109  7:16  Extractor  
  109  7:19  Muscular Augments, Extractor  
  92  7:24  Queen x2  
  92  7:25  Hydralisk x2  
  92  7:28  Hydralisk x2  
  104  7:32  Hydralisk  
  104  7:35  Hydralisk x2  
  110  7:39  Hydralisk x2  
  114  7:50  Overlord  
  114  7:52  Drone  
  114  7:53  Drone  
  114  7:57  Hydralisk x5, Queen  
  128  8:04  Hydralisk x3  
  134  8:12  Hydralisk  
  134  8:13  Hydralisk x3  
  134  8:19  Queen x2  
  145  8:27  Overlord x2  
  145  8:30  Grooved Spines  
  145  8:34  Overlord x2  
  145  8:48  Hydralisk x4  
  145  8:49  Hydralisk x4  
  161  8:58  Hydralisk x3  
  161  9:00  Overseer x2  
  167  9:04  Hydralisk x2  
  175  9:26  Evolution Chamber  

Tags
 
Add a new tag
Caveats
  • Supply blocks, unpowered buildings, or Contaminate may cause inaccurate times.
  • Supply counts are checked every 10 seconds.